 Dungeon Crawl Stone Soup version 0.20.1-1-g8b1a95d (webtiles) character file.

9735 homeworkjunkie the Cleaver (level 11, -6/95 HPs)
             Began as a Hill Orc Fighter on Jan 2, 2018.
             Was a High Priest of Okawaru.
             Mangled by an eight-headed hydra (8 damage)
             ... on level 10 of the Dungeon.
             The game lasted 00:21:44 (9722 turns).

homeworkjunkie the Cleaver (Hill Orc Fighter)       Turns: 9722, Time: 00:21:44

Health: -6/95      AC: 16    Str: 27    XL:     11   Next: 51%
Magic:  14/14      EV:  6    Int:  8    God:    Okawaru [*****.]
Gold:   283        SH: 12    Dex: 11    Spells: 10/10 levels left

rFire    + . .     SeeInvis .   t - +8 war axe of Indomitability {drain, Str+5 Int-2}
rCold    x . .     Gourm    .   c - +0 shield
rNeg     . . .     Faith    .   v - +0 plate armour
rPois    .         Spirit   .   l - +0 helmet
rElec    .         Reflect  .   i - +1 cloak
rCorr    .         Harm     .   (no gloves)
MR       .....                  (no boots)
Stlth    ..........             o - amulet of regeneration
Regen    0.7/turn               A - ring of fire
MPRegen  0.2/turn               z - +2 ring of intelligence

@: drained
A: no striking features
a: Heroism, Finesse, Renounce Religion, Convert to Beogh


You were on level 10 of the Dungeon.
You worshipped Okawaru.
Okawaru was extremely pleased with you.
You were full.

You visited 2 branches of the dungeon, and saw 12 of its levels.

You collected 465 gold pieces.
You spent 182 gold pieces at shops.

Inventory:

Hand Weapons
 a - a +3 war axe
 t - the +8 war axe of Indomitability (weapon) {drain, Str+5 Int-2}
   (You found it on level 8 of the Dungeon)

   A truly terrible weapon, it drains the life of those it strikes.
   It affects your strength (+5).
   It affects your intelligence (-2).
Armour
 c - a +0 shield (worn)
 i - a +1 cloak (worn)
 l - a +0 helmet (worn)
 v - a +0 plate armour (worn)
Jewellery
 o - an amulet of regeneration (around neck)
 z - a +2 ring of intelligence (right hand)
 A - a ring of fire (left hand)
Wands
 d - a wand of confusion (27/48)
 m - a wand of iceblast (5/15)
 n - a wand of disintegration (6/24)
 s - a wand of iceblast (7/15)
 u - a wand of paralysis (3/24)
 w - a wand of acid (0/15)
 x - a wand of flame (21/48)
 y - a wand of flame (20/48)
Scrolls
 b - 3 scrolls of fear
 g - 6 scrolls of teleportation
 r - 3 scrolls of magic mapping
 D - 2 scrolls of blinking
Potions
 e - a potion of flight
 j - a potion of mutation
 p - a potion of might
 q - a potion of brilliance
 B - 2 potions of magic
Comestibles
 f - a bread ration
 h - 4 royal jellies
 k - 2 meat rations


   Skills:
 * Level 8.8(7.8) Fighting
 * Level 14.2(13.0) Axes
 * Level 7.7(6.7) Armour
 + Level 1.2(0.4) Dodging
 + Level 1.3(0.4) Stealth
 * Level 9.6(8.5) Shields
 * Level 5.1(4.2) Evocations


You had 10 spell levels left.
You didn't know any spells.

Dungeon Overview and Level Annotations

Branches:
Dungeon (11/15)            Temple (1/1) D:4            Lair (0/6) D:10
    Orc: D:9-12

Altars:
Dithmenos
Fedhas
Gozag
Kikubaaqudgha
Makhleb
Okawaru
Qazlal
Sif Muna
Trog
Uskayaw
Yredelemnul
Zin

Shops:
D:5 }   D:6 (


Message History

The eight-headed hydra bites you.
* * * LOW HITPOINT WARNING * * *
The eight-headed hydra bites you but does no damage.
The eight-headed hydra bites you.
* * * LOW HITPOINT WARNING * * *
The eight-headed hydra bites you.
* * * LOW HITPOINT WARNING * * *
The eight-headed hydra barely misses you.
The eight-headed hydra bites you but does no damage.
Evoke which item? (* to show all) (? for menu, Esc to quit)
Aiming: Paralyse
Press: ? - help, Shift-Dir - straight line, f/p - eight-headed hydra
Aim: an eight-headed hydra (lightly wounded, lightly drained, chance to defeat MR: 32%)
The eight-headed hydra easily resists.
This wand has 3 charges left.
The eight-headed hydra bites you!
* * * LOW HITPOINT WARNING * * *
The eight-headed hydra bites you.
* * * LOW HITPOINT WARNING * * *
The eight-headed hydra bites you!
You die...

... .. .. .# #. ############## #
..# #.####.....##.....#
##########<## .o##..............
##..........####D#...............
...............#@#...............
#............#.#.#.........(.....
.............#.#.#.........(..(..
##...........#...................
#.###.####......#?.........)(...
#.##..###..##...##..............
##.##.†##...##...###...<.##..(..#
.............).#..###.###########
.#.......#..####..# #.#


You could see an eight-headed hydra and an orc priest.

Vanquished Creatures
  The ghost of Ymberto the Basher, a journeyman HuFi of Okawaru (D:10)
  A two-headed ogre (D:9)
  A cyclops (D:7)
  A gargoyle (D:10)
  A troll (D:9)
  A queen bee (D:9)
  2 hippogriffs
  Sigmund (D:3)
  A shadow (D:8)
  A wyvern (D:8)
  Menkaure (D:6)
  The ghost of myopia the Magician, an amateur DECj (D:3)
  4 sky beasts
  A black bear (D:8)
  2 necrophages (D:8)
  3 ice beasts
  2 orc warriors
  6 centaurs
  3 ogres
  2 crocodiles (D:10)
  3 big kobolds
  6 bullfrogs
  A gnoll sergeant (D:10)
  A wyvern zombie (D:9)
  3 scorpions
  17 killer bees
  3 wights (D:3)
  11 howler monkeys
  2 quasits (D:8)
  6 crimson imps
  A centaur zombie (D:10)
  3 jellies
  5 orc priests
  2 centaur skeletons
  A gnoll shaman (D:5)
  4 hounds
  9 orc wizards
  3 bullfrog skeletons
  5 iguanas
  6 worker ants
  A killer bee zombie (D:8)
  2 hound zombies
  2 hound skeletons
  A worker ant zombie (D:7)
  37 gnolls
  10 adders
  4 shadow imps
  2 oozes
  2 adder zombies
  An adder skeleton (D:7)
  5 worms
  4 leopard geckos
  24 orcs
  2 bats (D:3)
  14 giant cockroaches
  43 goblins
  29 hobgoblins
  9 jackals
  20 kobolds
  2 quokkas
  A ball python (D:2)
  6 frilled lizards
  7 rats
356 creatures vanquished.

Vanquished Creatures (others)
  An orc wizard (D:9)
1 creature vanquished.

Grand Total: 357 creatures vanquished

Notes
Turn   | Place    | Note
-------+----------+-------------------------------------------
     0 | D:1      | homeworkjunkie the Hill Orc Fighter began the quest for the Orb.
     0 | D:1      | Reached XP level 1. HP: 19/19 MP: 1/1
   161 | D:2      | Reached skill level 3 in Axes
   161 | D:2      | Reached XP level 2. HP: 25/27 MP: 2/2
   491 | D:3      | Reached XP level 3. HP: 31/33 MP: 3/3
   646 | D:3      | Reached skill level 4 in Axes
   646 | D:3      | Reached XP level 4. HP: 39/40 MP: 4/4
   651 | D:3      | Reached XP level 5. HP: 40/46 MP: 5/5
   654 | D:3      | Reached skill level 5 in Axes
   837 | D:3      | Noticed Sigmund
   854 | D:3      | Killed Sigmund
   854 | D:3      | Reached skill level 6 in Axes
   854 | D:3      | Reached XP level 6. HP: 33/53 MP: 6/6
   930 | D:3      | Noticed myopia's ghost (amateur DECj)
  1091 | D:2      | Found a bloodstained altar of Trog.
  1307 | D:4      | Reached skill level 5 in Shields
  1307 | D:4      | Reached XP level 7. HP: 48/60 MP: 7/7
  1398 | D:3      | Reached skill level 7 in Axes
  1587 | D:2      | Found a faded altar of an unknown god.
  2335 | D:1      | Reached skill level 1 in Dodging
  2718 | D:3      | Killed myopia's ghost
  2718 | D:3      | Reached skill level 5 in Fighting
  2916 | D:4      | Reached skill level 8 in Axes
  3142 | D:5      | Entered Level 5 of the Dungeon
  3164 | D:5      | Reached XP level 8. HP: 66/68 MP: 8/8
  3360 | D:5      | Reached skill level 5 in Armour
  3405 | D:5      | Reached skill level 1 in Evocations
  3412 | D:5      | Reached skill level 9 in Axes
  4043 | D:5      | Reached XP level 9. HP: 73/75 MP: 10/10
  4157 | D:5      | Found Guvo's Gadget Boutique.
  4197 | D:4      | Found a staircase to the Ecumenical Temple.
  4212 | Temple   | Entered the Ecumenical Temple
  4246 | Temple   | Became a worshipper of Warmaster Okawaru
  4328 | D:4      | Reached skill level 10 in Axes
  4570 | D:5      | Bought a wand of paralysis (11/24) for 182 gold pieces
  4602 | D:6      | Noticed Menkaure
  4621 | D:6      | Killed Menkaure
  4755 | D:6      | Reached skill level 11 in Axes
  4756 | D:6      | Reached * piety under Okawaru
  4851 | D:6      | Found Ryceawkuq's Weapon Emporium.
  5649 | D:7      | Reached skill level 12 in Axes
  5672 | D:7      | Noticed a cyclops
  5682 | D:7      | Killed a cyclops
  5682 | D:7      | Reached ** piety under Okawaru
  5682 | D:7      | Reached skill level 1 in Stealth
  5682 | D:7      | Reached XP level 10. HP: 68/86 MP: 12/12
  6690 | D:8      | You fall through a shaft for 2 floors!
  6690 | D:10     | Entered Level 10 of the Dungeon
  7498 | D:9      | Reached *** piety under Okawaru
  7693 | D:9      | Reached skill level 13 in Axes
  7774 | D:9      | Noticed a two-headed ogre
  7786 | D:9      | Killed a two-headed ogre
  8058 | D:8      | Reached XP level 11. HP: 22/94 MP: 14/14
  8075 | D:8      | Reached **** piety under Okawaru
  8254 | D:8      | Got an ichor-stained war axe
  8255 | D:8      | Identified the +8 war axe of Indomitability {drain, Str+5 Int-2} (You found it on level 8 of the Dungeon)
  9085 | D:10     | Noticed Ymberto's ghost (journeyman HuFi)
  9101 | D:10     | Killed Ymberto's ghost
  9290 | D:10     | Reached skill level 14 in Axes
  9293 | D:10     | Reached skill level 5 in Evocations
  9310 | D:9      | Got an encrusted leather armour
  9363 | D:9      | Identified the cursed +0 leather armour of Death's Door {SInv} (You found it on level 9 of the Dungeon)
  9518 | D:10     | Found a staircase to the Lair.
  9705 | D:10     | Reached ***** piety under Okawaru
  9713 | D:11     | Noticed a six-headed hydra
  9717 | D:10     | Received a gift from Okawaru
  9722 | D:10     | HP: 4/95 [eight-headed hydra (9)]
  9722 | D:10     | Mangled by an eight-headed hydra

Skill      XL: |  1  2  3  4  5  6  7  8  9 10 11 |
---------------+----------------------------------+-----
Axes           | 3 4 6 8 9 12 13 14 | 14.2
Fighting       | 4 5 6 7 8 |  8.8
Shields        | 4 5 6 7 8 9 |  9.6
Armour         | 4 5 6 7 |  7.7
Dodging        | 1 |  1.2
Evocations     | 2 3 4 5 |  5.1
Stealth        | 1 |  1.3

Action                   |  1- 3 |  4- 6 |  7- 9 | 10-12 || total
-------------------------+-------+-------+-------+-------++-------
Melee: War axe           |    84 |    94 |   579 |   353 ||  1110
Evoke: Wand              |       |       |     1 |    14 ||    15
  Use: Scroll            |     4 |     3 |     9 |    12 ||    28
       Potion            |     3 |     2 |     3 |     5 ||    13
 Stab: Paralysed         |       |       |     4 |     5 ||     9
  Eat: Bread ration      |     1 |       |     2 |       ||     3
       Fruit             |       |     1 |       |     4 ||     5
       Royal jelly       |       |       |     2 |     4 ||     6
       Meat ration       |       |       |     1 |       ||     1
Armor: Scale mail        |    37 |    26 |       |       ||    63
       Chain mail        |       |    15 |   226 |       ||   241
       Plate armour      |       |       |    81 |   262 ||   343
Dodge: Dodged            |    26 |    25 |   142 |    88 ||   281
Block: Shield            |    53 |    58 |   294 |   257 ||   662
